AoeStats
← [LMHI] ratkid463

Arena

510199575Analyzed
1v1 RM · 4d ago on Sep 29, 2026· 35m 24s· 2 players
Game mode
Random Map
Map size
Tiny (2 player)
Population
200
Speed
Normal
Resources
Standard
Victory
Conquest
Starting age
Dark Age
Ending age
Imperial Age
RankedLock teamsTeams togetherTeam positionsShared explorationLock speedFull tech treeHidden civsTurbo modeCheats
Victory
Defeat
🇨🇴 Mongols · Colombia
890
+14
🇦🇷 Khmer · Argentina
855
-14
henrysq
11:40 Feudal Age
15:43 Castle Age
13:29 Loom
13:26 Horse Collar
13:41 Double-Bit Axe
13:47 Stone Mining
16:38 Wheelbarrow
16:53 Bow Saw
18:51 Gold Mining
20:51 Heavy Plow
21:51 Gold Shaft Mining
28:15 Imperial Age
25:45 Town Watch
26:47 Fletching
27:24 Bodkin Arrow
28:11 Ballistics
28:36 Hand Cart
29:18 Conscription
29:16 Masonry
29:51 Stone Shaft Mining
30:21 Heavy Scorpion
31:27 Fortified Wall
31:58 Bracer
35:37 Forging
35:33 Scale Barding Armor
[LMHI] ratkid463
9:25 Feudal Age
10:05 Feudal Age
14:11 Castle Age
12:40 Double-Bit Axe
13:00 Horse Collar
13:30 Loom
15:12 Bow Saw
21:01 Gold Mining
22:52 Stone Mining
25:00 Heavy Plow
27:17 Wheelbarrow
28:18 Fortified Wall
29:17 Gold Shaft Mining
29:48 Hand Cart
30:09 Fletching
30:19 Padded Archer Armor
30:16 Town Watch
34:35 Imperial Age
32:27 Fletching
32:38 Padded Archer Armor
32:44 Scale Barding Armor
32:23 Light Cavalry
33:14 Bloodlines
33:05 Husbandry
33:56 Stone Shaft Mining
33:53 Forging
34:58 Murder Holes
35:14 Onager
Connection lost

Rejoining the realm…

Still unreachable

The connection could not be restored.

Session expired

The server has moved on; the page needs a fresh start.